AoeStats
← Workflow Wizard

Four Lakes

507422378Analyzed
1v1 RM · 15d ago on Sep 18, 2026· 59m 13s· 2 players
Game mode
Random Map
Map size
Tiny (2 player)
Population
200
Speed
Normal
Resources
Standard
Victory
Conquest
Starting age
Dark Age
Ending age
Imperial Age
RankedLock teamsTeams togetherTeam positionsShared explorationLock speedFull tech treeHidden civsTurbo modeCheats
Victory
Defeat
🇺🇸 Turks · United States
482
+17
🇨🇴 Italians · Colombia
499
-17
smkmak
0:37 Loom
12:27 Feudal Age
13:43 Wheelbarrow
12:56 Double-Bit Axe
13:11 Horse Collar
13:53 Gold Mining
14:00 Fishing Lines
14:45 Man-at-Arms
17:41 Stone Mining
19:43 Bloodlines
21:54 Scale Barding Armor
22:59 Forging
22:41 Fletching
22:52 Padded Archer Armor
29:15 Castle Age
30:19 Hand Cart
30:18 Bow Saw
30:14 Heavy Plow
30:56 Gold Shaft Mining
30:56 Husbandry
30:18 Crossbowman
31:21 Chain Barding Armor
31:56 Thumb Ring
32:48 Gillnets
34:31 Leather Archer Armor
35:54 Treadmill Crane
36:35 Ballistics
40:19 Iron Casting
39:40 Bodkin Arrow
39:56 Squires
43:52 Imperial Age
45:14 Plate Barding Armor
45:41 Blast Furnace
44:42 Bracer
45:12 Ring Archer Armor
45:07 Conscription
45:49 Heavy Camel Rider
45:51 Cavalier
46:47 Capped Ram
47:38 Elite Janissary
50:31 Siege Ram
Workflow Wizard
0:43 Loom
11:29 Feudal Age
12:44 Double-Bit Axe
15:23 Wheelbarrow
18:32 Town Watch
18:48 Fletching
19:00 Padded Archer Armor
24:03 Castle Age
23:30 Horse Collar
23:43 Gold Mining
24:05 Scale Barding Armor
24:11 Forging
24:53 Heavy Plow
28:05 Bloodlines
29:14 Husbandry
31:26 Chain Barding Armor
31:51 Iron Casting
34:47 Ballistics
34:56 Murder Holes
41:11 Imperial Age
38:59 Hand Cart
39:10 Bodkin Arrow
41:30 Cavalier
42:49 Plate Barding Armor
43:15 Blast Furnace
42:39 Conscription
43:51 Crop Rotation
43:37 Bow Saw
44:09 Town Patrol
45:19 Guilds
46:03 Bracer
47:41 Thumb Ring
49:04 Chemistry
51:21 Two-Man Saw
52:02 Elite Genoese Crossbowman
53:19 Leather Archer Armor
54:56 Ring Archer Armor
Connection lost

Rejoining the realm…

Still unreachable

The connection could not be restored.

Session expired

The server has moved on; the page needs a fresh start.